 Dungeon Crawl Stone Soup version 0.31-a0-18-gea43df2a32 (webtiles) character file.

Game seed: 6227421316980190319

563 lunkers the Zephyrmancer (level 7, -8/50 HPs)
             Began as a Meteoran Air Elementalist on May 8, 2023.
             Was a Believer of Uskayaw.
             Mangled by an ogre
             ... wielding a +0 giant club
              (23 damage)
             ... on level 6 of the Dungeon on May 9, 2023.
             The game lasted 00:07:13 (1787 turns).

lunkers the Zephyrmancer (MeAE)                     Turns: 1787, Time: 00:07:14

Health: -8/50      AC:  3    Str:  9    XL:     7   Next: 89%
Magic:  10/16      EV: 12    Int: 19    God:    Uskayaw [**....]
Gold:   219        SH:  0    Dex: 15    Spells: 7/17 levels left

rFire   . . .        d - staff of conjuration
rCold   . . .        (no shield)
rNeg    . . .        a - +0 robe
rPois   .            (no helmet)
rElec   .            (no cloak)
rCorr   .            (no gloves)
SInv    .            m - +0 pair of boots
Will    .....        l - amulet of magic regeneration
Stlth   +            (no ring)
HPRegen 0.28/turn    (no ring)
MPRegen 0.55/turn

%: no passive effects
@: glowing
A: sense surroundings 1, otherworldly, glowing, explore regen
a: Renounce Religion, Stomp, Line Pass


You were on level 6 of the Dungeon.
You worshipped Uskayaw.
Uskayaw was noncommittal.
You visited 1 branch of the dungeon, and saw 6 of its levels.

You collected 219 gold pieces.

Inventory:

Armour
 a - a +0 robe (worn)
 m - a +0 pair of boots (worn)
Magical Staves
 d - a staff of conjuration (weapon)
Jewellery
 l - an amulet of magic regeneration (around neck)
 o - a ring of positive energy
Wands
 j - a wand of roots (11)
Scrolls
 i - a scroll of enchant weapon {unknown}
 k - a scroll of magic mapping
Potions
 b - a potion of magic
 c - 2 potions of lignification {unknown}
 e - a potion of curing
 f - a potion of resistance
 g - a potion of attraction
 h - a potion of degeneration {unknown}
 n - 3 potions of heal wounds


   Skills:
 - Level 2.4 Dodging
 - Level 1.4 Stealth
 + Level 5.8 Spellcasting
 - Level 1.2 Conjurations
 * Level 8.3 Air Magic


You had 7 spell levels left.
You knew the following spells:

 Your Spells              Type           Power      Damage    Failure   Level
a - Shock                 Conj/Air       100%       1d9       1%          1
b - Static Discharge      Conj/Air       70%        2-5/arc   2%          2
c - Swiftness             Air            37%        N/A       1%          3
d - Airstrike             Air            18%        2d(3-19)  3%          4

Your spell library contained the following spells:

 Spells                   Type           Power      Damage    Failure   Level
 Necrotise                Necr           20%        1d5       12%         1
 Stone Arrow              Conj/Erth      22%        3d8       26%         3
 Vampiric Draining        Necr           5%         2d6       34%         3
 Animate Armour           Summ/Erth      10%        N/A       75%         4
 Agony                    Necr           5%         N/A       97%         5
 Lehudib's Crystal Spear  Conj/Erth      5%         10d3      100%        8


Dungeon Overview and Level Annotations

Branches:
Dungeon (6/15) Zot: 1813   Temple (0/1) D:4

Altars:
Uskayaw


Innate Abilities, Weirdness & Mutations

You passively map a small area around you.
You are easily found by Zot.
You glow in the dark.
You regain HP and MP as you explore.


Message History

Casting: Static Discharge (safe; 2% risk of failure)
Confirm with . or Enter, or press ? or * to list all spells.
You feel a surge of power!
The gnoll is struck by an arc of lightning!
You kill the gnoll!
You are struck by an arc of lightning.
The iguana is struck by an arc of lightning!
The iguana is heavily wounded.
The lightning grounds out.
The gnoll hits you from afar with a +0 spear.
* * * LOW HITPOINT WARNING * * *
The ogre misses you. The bullfrog hits you!
* * * LOW HITPOINT WARNING * * *
The iguana bites you.
* * * LOW HITPOINT WARNING * * *
Casting: Static Discharge (safe; 2% risk of failure)
Confirm with . or Enter, or press ? or * to list all spells.
You feel a surge of power!
The iguana is struck by an arc of lightning.
The iguana is severely wounded.
The bullfrog is struck by an arc of lightning.
The bullfrog is heavily wounded.
The ogre is struck by an arc of lightning.
The ogre is heavily wounded.
You are struck by an arc of lightning.
* * * LOW HITPOINT WARNING * * *
The lightning grounds out.
The bullfrog is struck by an arc of lightning!
The bullfrog is severely wounded.
You are struck by an arc of lightning.
* * * LOW HITPOINT WARNING * * *
The iguana is struck by an arc of lightning!
You kill the iguana!
The bullfrog is struck by an arc of lightning.
You kill the bullfrog!
The lightning grounds out.
The gnoll closely misses you.
The orc throws a boomerang.
The boomerang hits you.
* * * LOW HITPOINT WARNING * * *
The ogre hits you with a +0 giant club!!
You die...

####.#.#####.###.#
#...###...........
#.##.#.#####.###.#
#............###(#
#.###............#
#.# ##############
#.# * * ########.#
* ~ ~*
#......g@###~~~ **
#.####.††O..~~..
,, *
#..gooo~...,,. ,*
* #....~o...~
....### *
#..g.~.g~~.
.......
#.....~~...
.....##
#./......⌠~ ... ,*
, #$......~~⌠ . *
#......~.., ,,


You could see an ogre, a gnoll bouda, an orc priest, an orc wizard, 3 gnolls and
2 orcs.

Vanquished Creatures
  A phantom (D:5)
  A bullfrog (D:6)
  2 scorpions (D:5)
  A howler monkey (D:5)
  2 jellies
  3 sleepcaps
  3 iguanas
  A gnoll (D:6)
  6 adders
  2 worms
  A dart slug (D:1)
  7 orcs
  4 endoplasms
  3 giant cockroaches
  5 goblins
  4 hobgoblins
  8 jackals
  2 quokkas
  2 ball pythons
  2 bats (D:1)
  2 frilled lizards
  4 kobolds
  8 rats
74 creatures vanquished.

Notes
Turn   | Place    | Note
-------+----------+-------------------------------------------
     0 | D:1      | lunkers the Meteoran Air Elementalist began the quest for
                  | the Orb.
     0 | D:1      | Reached XP level 1. HP: 14/14 MP: 5/5
    96 | D:1      | Reached skill level 4 in Air Magic
    96 | D:1      | Reached XP level 2. HP: 8/20 MP: 1/6
   274 | D:2      | Reached XP level 3. HP: 25/26 MP: 0/8
   349 | D:2      | Reached skill level 5 in Air Magic
   349 | D:2      | Reached XP level 4. HP: 19/33 MP: 1/10
   352 | D:2      | Learned a level 2 spell: Static Discharge
   356 | D:2      | Learned a level 3 spell: Swiftness
   361 | D:2      | Learned a level 4 spell: Airstrike
   420 | D:2      | Found a faded altar of an unknown god.
   421 | D:2      | Noticed an eye of devastation
   425 | D:2      | Noticed a golden eye
   425 | D:2      | Noticed a floating eye
   425 | D:2      | Noticed an eye of devastation
   432 | D:2      | Prayed at the altar of an unknown god.
   432 | D:2      | Became a worshipper of Uskayaw the Reveller
   432 | D:2      | Reached * piety under Uskayaw
   754 | D:2      | Reached ** piety under Uskayaw
   756 | D:2      | Reached XP level 5. HP: 38/38 MP: 6/11
   841 | D:2      | Upgraded the game from 0.31-a0-16-g6d2539766c to
                  | 0.31-a0-18-gea43df2a32
  1154 | D:4      | Reached skill level 6 in Air Magic
  1202 | D:4      | Found a staircase to the Ecumenical Temple.
  1234 | D:4      | Reached XP level 6. HP: 44/45 MP: 9/13
  1431 | D:5      | Entered Level 5 of the Dungeon
  1482 | D:5      | Reached skill level 5 in Spellcasting
  1482 | D:5      | Reached skill level 7 in Air Magic
  1511 | D:5      | Reached XP level 7. HP: 34/50 MP: 8/15
  1596 | D:5      | Reached *** piety under Uskayaw
  1601 | D:5      | Reached **** piety under Uskayaw
  1626 | D:5      | Reached skill level 8 in Air Magic
  1787 | D:6      | Mangled by an ogre

Illustrated notes

Levels and vault maps discovered:
D:1:      minmay_arrival_loop, layout_basic, nicolae_grassy_gnolls
D:2:      layout_loops_corners, hellmonk_ecumenical_altar_watching_god
D:3:      layout_basic
D:4:      layout_loops_ring, temple_fountains, hangedman_decor_push
D:5:      layout_gridville, gammafunk_ghost_grave
D:6:      cheibrodos_helix_gallery, layout_loops_ring, uniq_maggie

Skill      XL: |  1  2  3  4  5  6  7 |
---------------+----------------------+-----
Air Magic      | 4 5 6 7 8 |  8.3
Spellcasting   | 3 4 5 |  5.8
Dodging        | |  2.4
Stealth        | |  1.4
Conjurations   | |  1.2

Action                     |  1- 3 |  4- 6 |  7- 9 || total
---------------------------+-------+-------+-------++-------
  Melee: Unarmed           |       |     8 |       ||     8
         Staff             |       |     2 |       ||     2
   Cast: Shock             |    37 |    48 |     4 ||    89
         Static Discharge  |       |    29 |    18 ||    47
         Airstrike         |       |     2 |       ||     2
    Use: Scroll            |       |     8 |       ||     8
 Armour: Robe              |     4 |    12 |     1 ||    17
  Dodge: Dodged            |     3 |    18 |    11 ||    32

Table legend: (Time is in decaauts)
 A = Elapsed time spent in this place.
 B = Non-inter-level travel time spent in this place.
 C = Inter-level travel time spent in this place.
 D = Time resting spent in this place.
 E = Time spent auto-exploring this place.
 F = Levels seen in this place.
 G = Mean time per level.
                   A        B        C        D        E       F      G
               +--------+--------+--------+--------+--------+-----+--------+
         Total |   1785 |   1748 |     37 |      0 |   1201 |   6 |  297.5 |
       Dungeon |   1785 |   1748 |     37 |      0 |   1201 |   6 |  297.5 |
               +--------+--------+--------+--------+--------+-----+--------+

Top non-repeatable levels by time:
     D:2: 612 daAuts
     D:4: 306 daAuts
     D:3: 256 daAuts
     D:1: 255 daAuts
     D:5: 215 daAuts
     D:6: 139 daAuts
